 Seeded DCSS version 0.29-a0-911-g88e6f02907 (webtiles) character file.

Game seed: 7483000318030779379 (custom seed)

4 purpskrrrp the Sneak (level 1, -1/11 HPs)
             Began as a Spriggan Delver on July 25, 2022.
             Succumbed to a water moccasin's poison
             ... in a sewer.
             The game lasted 00:02:46 (442 turns).

purpskrrrp the Sneak (Spriggan Delver)               Turns: 442, Time: 00:02:47

Health: -1/11      AC:  2    Str:  8    XL:     1   Next: 58%
Magic:  2/2        EV: 17    Int: 11    God:
Gold:   0          SH:  0    Dex: 16    Spells: 0/0 levels left

rFire   . . .      SeeInvis +   a - +0 short sword
rCold   . . .      Faith    .   (no shield)
rNeg    . . .      Spirit   .   b - +0 robe
rPois   .          Reflect  .   (helmet restricted)
rElec   .          Harm     .   (no cloak)
rCorr   .          Rampage  .   (gloves unavailable)
Will    .....                   (boots unavailable)
Stlth   ++++......              (no amulet)
HPRegen 0.03/turn               (no ring)
MPRegen 0.08/turn               (no ring)

@: lethally poisoned (-1 -> -16), very quick
A: very small, no large weapons, unfitting armour, see invisible, speed 3
a: no special abilities


You were in a sewer.
You visited 1 branch of the dungeon, and saw 3 of its levels.
You also visited: Sewer.

Inventory:

Hand Weapons
 a - a +0 short sword (weapon)
Armour
 b - a +0 robe (worn)
Wands
 g - a wand of digging (3)
Scrolls
 c - a scroll of fog
 d - a scroll of magic mapping
 e - a scroll of fear
 h - a scroll of poison {unknown}


   Skills:
 + Level 2.4 Fighting
 + Level 2.2 Short Blades
 + Level 2.7 Dodging
 + Level 7.5 Stealth


You couldn't memorise any spells.
You didn't know any spells.
Your spell library was empty.

Dungeon Overview and Level Annotations

Branches:
Dungeon (5/15)              Sewer (1/1)
 Temple: D:4-7

Altars:

Shops:
D:3 [


Innate Abilities, Weirdness & Mutations

You are very small and have problems with some larger weapons.
You are too small for most types of armour.
You have supernaturally acute eyesight. (SInv)
You cover ground extremely quickly. (Speed+++)


Message History

You hit the bat.
The bat is severely wounded.
The bat misses you.
You hit the bat.
You kill the bat!
You start resting.
Your extra speed is starting to run out.
You start resting.
You feel yourself slow down.
You start resting.
HP restored.
You see here a bat skeleton.
Found a gate leading back out of this place.
A water moccasin comes into view.
Found 3 stones and 20 gold pieces.
The water moccasin hisses angrily.
You see here a potion of haste.
You hit the water moccasin.
The water moccasin is lightly wounded.
The water moccasin bites you.
You barely miss the water moccasin.
The water moccasin is lightly wounded.
The water moccasin bites you. The water moccasin closely misses you.
You closely miss the water moccasin.
The water moccasin is lightly wounded.
The water moccasin misses you.
You aren't carrying any potions.
Unknown command.
You barely miss the water moccasin.
The water moccasin is lightly wounded.
The water moccasin barely misses you.
You hit the water moccasin but do no damage.
The water moccasin is lightly wounded.
The water moccasin barely misses you. The water moccasin bites you.
* * * LOW HITPOINT WARNING * * *
You are lethally poisoned!
The water moccasin poisons you!
You barely miss the water moccasin.
The water moccasin is lightly wounded.
You die...

### #∩# #.# #.#
####### #.#
##.....## #.#
#...≈...## #.#
...≈≈≈...#######@#
∩.≈≈≈≈≈.........S#
...≈≈≈.÷.#######.#
#...≈...## #.#
##.....## #!#
####### #.# ...
..... .......


You could see a water moccasin.

Vanquished Creatures
  A jackal (D:3)
  3 bats (Sewer)
4 creatures vanquished.

Notes
Turn   | Place    | Note
-------+----------+-------------------------------------------
     0 | D:5      | purpskrrrp the Spriggan Delver began the quest for the Orb.
     0 | D:5      | Reached XP level 1. HP: 11/11 MP: 2/2
    44 | D:3      | Found Wokuoto's Antique Armour Boutique.
    82 | D:3      | Found a glowing drain.
    89 | Sewer    | Entered a sewer
   426 | Sewer    | Noticed a water moccasin
   442 | Sewer    | Succumbed to a water moccasin's poison

Illustrated notes

Levels and vault maps discovered:
D:3:      layout_basic, portal_sewer_entry_b, serial_shops, shop,
          nicolae_shop_hallway_plus, shop, st_stairs_13
D:4:      layout_basic, mainiacjoe_overflow_alcove_2,
          mainiacjoe_overflow_brackets,
          mainiacjoe_overflow_concentric_impassable,
          nicolae_overflow_hidden_temple, uniq_crazy_yiuf_cottage,
          uniq_menkaure, uniq_eustachio
D:5:      layout_layer_cave, nicolae_ru_the_path_less_chosen,
          minmay_temple_entry_grid, serial_shops, nicolae_stop_n_shop_1,
          gammafunk_ghost_hive, hangedman_decor_growths,
          minmay_misc_feat_more_columns
Sewer:    sewer_big_baddie

Action                   || total
-------------------------++-------
Melee: Short sword       ||    33
  Use: Potion            ||     1
Armor: Robe              ||    14
Dodge: Dodged            ||    50

Table legend: (Time is in decaauts)
 A = Elapsed time spent in this place.
 B = Non-inter-level travel time spent in this place.
 C = Inter-level travel time spent in this place.
 D = Time resting spent in this place.
 E = Time spent auto-exploring this place.
 F = Levels seen in this place.
 G = Mean time per level.
                   A        B        C        D        E       F      G
               +--------+--------+--------+--------+--------+-----+--------+
         Total |    384 |    380 |      4 |    287 |      5 |   4 |   96.0 |
       Dungeon |     64 |     60 |      4 |      0 |      0 |   3 |   21.3 |
         Sewer |    320 |    320 |      0 |    287 |      5 |   1 |  320.0 |
               +--------+--------+--------+--------+--------+-----+--------+

Top non-repeatable levels by time:
   Sewer: 320 daAuts
     D:3: 38 daAuts
     D:4: 19 daAuts
     D:5: 5 daAuts
